Workbook

Sheet EVALIDATOR DATA
A1: Online Resource 2 - Evalidator raw data tables and analysis worksheets
A3: Maine
A5: 1. Annual removals 1"+ by dry weight (short tons) | G5: 2. Annual harvest removals 1"+ by dry weight (short ton) | M5: 3. Average annual harvest removals 5"+ dbh sound bole volume cu ft. | S5: 4. Average annual harvest removals of sawlog biomass of sawtimber trees (dry short tons) | Y5: 5. Average annual mortality 1"+ by dry weight (short tons) | AE5: 6. Annual gross growth 1"+ dbh by dry weight (short tons) | AK5: 7. Area (acres)
A7: OWNERSHIP ALL CLASSES | B7: ECOREGION SECTION | C7: ESTIMATE | D7: SE PERCENT | E7: PLOT COUNT | G7: OWNERSHIP ALL CLASSES | H7: ECOREGION SECTION | I7: ESTIMATE | J7: SE PERCENT | K7: PLOT COUNT | M7: OWNERSHIP ALL CLASSES | N7: ECOREGION SECTION | O7: ESTIMATE | P7: SE PERCENT | Q7: PLOT COUNT | S7: OWNERSHIP ALL CLASSES | T7: ECOREGION SECTION | U7: ESTIMATE | V7: SE PERCENT | W7: PLOT COUNT | Y7: OWNERSHIP ALL CLASSES | Z7: ECOREGION SECTION | AA7: ESTIMATE | AB7: SE PERCENT | AC7: PLOT COUNT | AE7: OWNERSHIP ALL CLASSES | AF7: ECOREGION SECTION | AG7: ESTIMATE | AH7: SE PERCENT | AI7: PLOT COUNT | AK7: OWNERSHIP ALL CLASSES | AL7: ECOREGION SECTION | AM7: ESTIMATE | AN7: SE PERCENT | AO7: PLOT COUNT
A8: Total | B8: Total | C8: 11144856 | D8: 6.032 | E8: 480 | G8: Total | H8: Total | I8: 10707287 | J8: 6.113 | K8: 474 | L8: % | M8: Total | N8: Total | O8: 499628355 | P8: 6.091 | Q8: 444 | S8: Total | T8: Total | U8: 3534940 | V8: 7.165 | W8: 347 | Y8: Total | Z8: Total | AA8: 8276270 | AB8: 2.335 | AC8: 2668 | AE8: Total | AF8: Total | AG8: 23200948 | AH8: 0.898 | AI8: 3115 | AK8: Total | AL8: Total | AM8: 17518847 | AN8: 0.395 | AO8: 3143
A9: National Forest | B9: Total | C9: 959 | D9: 100 | E9: 1 | G9: National Forest | H9: Total | I9: 959 | J9: 100 | K9: 1 | L9: =I9/I$8 -> 8.9565172e-05 | M9: State | N9: Total | O9: 12510266 | P9: 37.857 | Q9: 10 | S9: State | T9: Total | U9: 115759 | V9: 41.991 | W9: 9 | Y9: National Forest | Z9: Total | AA9: 20056 | AB9: 17.399 | AC9: 26 | AE9: National Forest | AF9: Total | AG9: 65262 | AH9: 13.245 | AI9: 29 | AK9: National Forest | AL9: Total | AM9: 55582 | AN9: 5.29 | AO9: 30
A10: Dept of Defense | B10: Total | C10: 121 | D10: 107.58 | E10: 1 | G10: Dept of Defense | H10: Total | I10: 121 | J10: 107.58 | K10: 1 | L10: =I10/I$8 -> 1.1300715e-05 | M10: County and Municipal | N10: Total | O10: 4538095 | P10: 58.868 | Q10: 4 | S10: County and Municipal | T10: Total | U10: 45644 | V10: 57.381 | W10: 4 | Y10: National Park Service | Z10: Total | AA10: 54190 | AB10: 36.254 | AC10: 16 | AE10: National Park Service | AF10: Total | AG10: 118672 | AH10: 27.156 | AI10: 17 | AK10: National Park Service | AL10: Total | AM10: 100728 | AN10: 22.079 | AO10: 18
A11: State | B11: Total | C11: 238758 | D11: 35.96 | E11: 10 | G11: State | H11: Total | I11: 238758 | J11: 35.96 | K11: 10 | L11: =I11/I$8 -> 0.022298646 | M11: Private | N11: Total | O11: 473491915 | P11: 6.264 | Q11: 417 | S11: Private | T11: Total | U11: 3329225 | V11: 7.409 | W11: 326 | Y11: Fish and Wildlife Service | Z11: Total | AA11: 44428 | AB11: 43.655 | AC11: 10 | AE11: Fish and Wildlife Service | AF11: Total | AG11: 78751 | AH11: 34.381 | AI11: 11 | AK11: Fish and Wildlife Service | AL11: Total | AM11: 59384 | AN11: 30.41 | AO11: 11
A12: County and Municipal | B12: Total | C12: 91450 | D12: 61.358 | E12: 4 | G12: County and Municipal | H12: Total | I12: 91450 | J12: 61.358 | K12: 4 | L12: =I12/I$8 -> 0.0085409124 | M12: Other | N12: Total | O12: 9088079 | P12: 42.575 | Q12: 19 | S12: Other | T12: Total | U12: 44312 | V12: 50.226 | W12: 8 | Y12: Dept of Defense | Z12: Total | AA12: 1462 | AB12: 78.748 | AC12: 2 | AE12: Dept of Defense | AF12: Total | AG12: 8723 | AH12: 76.096 | AI12: 2 | AK12: Dept of Defense | AL12: Total | AM12: 9358 | AN12: 75.866 | AO12: 2
A13: Private | B13: Total | C13: 10197662 | D13: 6.3 | E13: 441 | G13: Private | H13: Total | I13: 10197662 | J13: 6.3 | K13: 441 | L13: =I13/I$8 -> 0.95240391 | M13: Total | N13: 211A | O13: 60998169 | P13: 17.062 | Q13: 56 | S13: Total | T13: 211A | U13: 384988 | V13: 20.088 | W13: 44 | Y13: Other federal | Z13: Total | AA13: 5600 | AB13: 58.396 | AC13: 5 | AE13: Other federal | AF13: Total | AG13: 27674 | AH13: 47.336 | AI13: 5 | AK13: Other federal | AL13: Total | AM13: 23629 | AN13: 44.539 | AO13: 5
A14: Other | B14: Total | C14: 615906 | D14: 28.019 | E14: 29 | G14: Other | H14: Total | I14: 178337 | J14: 37.7 | K14: 23 | L14: =I14/I$8 -> 0.016655666 | M14: Total | N14: 211B | O14: 73862380 | P14: 14.516 | Q14: 74 | S14: Total | T14: 211B | U14: 464270 | V14: 17.166 | W14: 59 | Y14: State | Z14: Total | AA14: 581652 | AB14: 11.048 | AC14: 152 | AE14: State | AF14: Total | AG14: 1200552 | AH14: 5.963 | AI14: 166 | AK14: State | AL14: Total | AM14: 986212 | AN14: 3.966 | AO14: 167
A15: Total | B15: 211A | C15: 1230457 | D15: 16.777 | E15: 61 | G15: Total | H15: 211A | I15: 1230457 | J15: 16.777 | K15: 61 | M15: Total | N15: 211C | O15: 18768107 | P15: 35.203 | Q15: 16 | S15: Total | T15: 211C | U15: 155355 | V15: 39.168 | W15: 10 | Y15: County and Municipal | Z15: Total | AA15: 96600 | AB15: 24.208 | AC15: 34 | AE15: County and Municipal | AF15: Total | AG15: 290185 | AH15: 17.913 | AI15: 41 | AK15: County and Municipal | AL15: Total | AM15: 211945 | AN15: 16.176 | AO15: 41
A16: Total | B16: 211B | C16: 1539308 | D16: 14.251 | E16: 80 | G16: Total | H16: 211B | I16: 1532454 | J16: 14.292 | K16: 80 | M16: Total | N16: 211D | O16: 67669955 | P16: 16.186 | Q16: 72 | S16: Total | T16: 211D | U16: 458915 | V16: 19.417 | W16: 49 | Y16: Private | Z16: Total | AA16: 7466455 | AB16: 2.447 | AC16: 2428 | AE16: Private | AF16: Total | AG16: 21378292 | AH16: 0.967 | AI16: 2860 | AK16: Private | AL16: Total | AM16: 16072009 | AN16: 0.496 | AO16: 2891
A17: Total | B17: 211C | C17: 376662 | D17: 31.249 | E17: 19 | G17: Total | H17: 211C | I17: 351198 | J17: 33.005 | K17: 18 | M17: Total | N17: 221A | O17: 35036267 | P17: 24.469 | Q17: 36 | S17: Total | T17: 221A | U17: 315629 | V17: 26.605 | W17: 25 | Y17: Other | Z17: Total | AA17: 5825 | AB17: 58.84 | AC17: 4 | AE17: Other | AF17: Total | AG17: 32837 | AH17: 30.317 | AI17: 31 | AK17: Total | AL17: 211A | AM17: 2010237 | AN17: 4.276 | AO17: 362
A18: Total | B18: 211D | C18: 1648099 | D18: 14.775 | E18: 81 | G18: Total | H18: 211D | I18: 1418644 | J18: 15.603 | K18: 77 | M18: Total | N18: M211A | O18: 243293479 | P18: 9.161 | Q18: 190 | S18: Total | T18: M211A | U18: 1755783 | V18: 10.605 | W18: 160 | Y18: Total | Z18: 211A | AA18: 839621 | AB18: 7.631 | AC18: 302 | AE18: Total | AF18: 211A | AG18: 2593876 | AH18: 4.97 | AI18: 357 | AK18: Total | AL18: 211B | AM18: 2906480 | AN18: 3.654 | AO18: 513
A19: Total | B19: 221A | C19: 930526 | D19: 23.243 | E19: 40 | G19: Total | H19: 221A | I19: 775818 | J19: 23.725 | K19: 40 | M19: State | N19: 211A | O19: 717151 | P19: 110.345 | Q19: 1 | S19: State | T19: 211A | U19: 4633 | V19: 110.345 | W19: 1 | Y19: Total | Z19: 211B | AA19: 1363761 | AB19: 7.495 | AC19: 444 | AE19: Total | AF19: 211B | AG19: 3773602 | AH19: 4.251 | AI19: 508 | AK19: Total | AL19: 211C | AM19: 1382876 | AN19: 4.37 | AO19: 248
A20: Total | B20: M211A | C20: 5419804 | D20: 9.323 | E20: 199 | G20: Total | H20: M211A | I20: 5398716 | J20: 9.357 | K20: 198 | M20: State | N20: 211B | O20: 2650327 | P20: 76.869 | Q20: 2 | S20: State | T20: 211B | U20: 23509 | V20: 95.622 | W20: 2 | Y20: Total | Z20: 211C | AA20: 679064 | AB20: 8.621 | AC20: 209 | AE20: Total | AF20: 211C | AG20: 1648611 | AH20: 5.186 | AI20: 249 | AK20: Total | AL20: 211D | AM20: 2664036 | AN20: 3.208 | AO20: 506
A21: National Forest | B21: M211A | C21: 959 | D21: 100 | E21: 1 | G21: National Forest | H21: M211A | I21: 959 | J21: 100 | K21: 1 | M21: State | N21: 211D | O21: 2193937 | P21: 91.276 | Q21: 1 | S21: State | T21: 211D | U21: 25480 | V21: 91.276 | W21: 1 | Y21: Total | Z21: 211D | AA21: 1515676 | AB21: 6.037 | AC21: 431 | AE21: Total | AF21: 211D | AG21: 3817130 | AH21: 3.672 | AI21: 499 | AK21: Total | AL21: 221A | AM21: 1027069 | AN21: 5.503 | AO21: 201
A22: Dept of Defense | B22: 211C | C22: 121 | D22: 107.58 | E22: 1 | G22: Dept of Defense | H22: 211C | I22: 121 | J22: 107.58 | K22: 1 | M22: State | N22: M211A | O22: 6948851 | P22: 54.24 | Q22: 6 | S22: State | T22: M211A | U22: 62137 | V22: 59.214 | W22: 5 | Y22: Total | Z22: 221A | AA22: 403831 | AB22: 11.951 | AC22: 152 | AE22: Total | AF22: 221A | AG22: 1499833 | AH22: 6.184 | AI22: 196 | AK22: Total | AL22: M211A | AM22: 7528149 | AN22: 1.516 | AO22: 1313
A23: State | B23: 211A | C23: 11225 | D23: 110.345 | E23: 1 | G23: State | H23: 211A | I23: 11225 | J23: 110.345 | K23: 1 | M23: County and Municipal | N23: 211B | O23: 1727049 | P23: 78.265 | Q23: 2 | S23: County and Municipal | T23: 211B | U23: 20401 | V23: 78.402 | W23: 2 | Y23: Total | Z23: M211A | AA23: 3474317 | AB23: 3.873 | AC23: 1130 | AE23: Total | AF23: M211A | AG23: 9867896 | AH23: 2.018 | AI23: 1306 | AK23: National Forest | AL23: 221A | AM23: 5374 | AN23: 56.067 | AO23: 3
A24: State | B24: 211B | C24: 58238 | D24: 74.998 | E24: 2 | G24: State | H24: 211B | I24: 58238 | J24: 74.998 | K24: 2 | M24: County and Municipal | N24: 211D | O24: 2811046 | P24: 81.973 | Q24: 2 | S24: County and Municipal | T24: 211D | U24: 25243 | V24: 82.16 | W24: 2 | Y24: National Forest | Z24: 221A | AA24: 1073 | AB24: 70.457 | AC24: 2 | AE24: National Forest | AF24: 221A | AG24: 2915 | AH24: 69.389 | AI24: 2 | AK24: National Forest | AL24: M211A | AM24: 50208 | AN24: 8.469 | AO24: 27
A25: State | B25: 211D | C25: 34090 | D25: 91.276 | E25: 1 | G25: State | H25: 211D | I25: 34090 | J25: 91.276 | K25: 1 | M25: Private | N25: 211A | O25: 60281017 | P25: 17.215 | Q25: 55 | S25: Private | T25: 211A | U25: 380355 | V25: 20.288 | W25: 43 | Y25: National Forest | Z25: M211A | AA25: 18983 | AB25: 19.098 | AC25: 24 | AE25: National Forest | AF25: M211A | AG25: 62347 | AH25: 14.71 | AI25: 27 | AK25: National Park Service | AL25: 211A | AM25: 11999 | AN25: 69.94 | AO25: 2
A26: State | B26: M211A | C26: 135205 | D26: 49.675 | E26: 6 | G26: State | H26: M211A | I26: 135205 | J26: 49.675 | K26: 6 | M26: Private | N26: 211B | O26: 69109703 | P26: 15.105 | Q26: 69 | S26: Private | T26: 211B | U26: 415747 | V26: 17.965 | W26: 54 | Y26: National Park Service | Z26: 211A | AA26: 10764 | AB26: 108.379 | AC26: 2 | AE26: National Park Service | AF26: 211A | AG26: 27279 | AH26: 70.333 | AI26: 2 | AK26: National Park Service | AL26: 211B | AM26: 4726 | AN26: 111.349 | AO26: 1
... A34: Private | B34: M211A | C34: 5226930 | D34: 9.553 | E34: 189 | G34: Private | H34: M211A | I34: 5226930 | J34: 9.553 | K34: 189 | M34: Other | N34: 221A | O34: 564468 | P34: 63.014 | Q34: 4 | S34: Other | T34: M211A | U34: 4266 | V34: 82.04 | W34: 2 | Y34: Fish and Wildlife Service | Z34: M211A | AA34: 1155 | AB34: 100 | AC34: 1 | AE34: Fish and Wildlife Service | AF34: M211A | AG34: 7891 | AH34: 100 | AI34: 1 | AK34: Dept of Defense | AL34: 211C | AM34: 9358 | AN34: 75.866 | AO34: 2
A35: Other | B35: 211A | C35: 1212 | D35: 102.364 | E35: 1 | G35: Other | H35: 211A | I35: 1212 | J35: 102.364 | K35: 1 | M35: Other | N35: M211A | O35: 1244512 | P35: 75.534 | Q35: 3 | Y35: Dept of Defense | Z35: 211C | AA35: 1462 | AB35: 78.748 | AC35: 2 | AE35: Dept of Defense | AF35: 211C | AG35: 8723 | AH35: 76.096 | AI35: 2 | AK35: Other federal | AL35: 211A | AM35: 4726 | AN35: 111.349 | AO35: 1
A36: Other | B36: 211B | C36: 15111 | D36: 105.056 | E36: 1 | G36: Other | H36: 211B | I36: 8257 | J36: 105.056 | K36: 1 | Y36: Other federal | Z36: 211A | AA36: 1173 | AB36: 110.345 | AC36: 1 | AE36: Other federal | AF36: 211A | AG36: 2356 | AH36: 110.345 | AI36: 1 | AK36: Other federal | AL36: M211A | AM36: 18903 | AN36: 51.329 | AO36: 4
A37: Other | B37: 211C | C37: 27544 | D37: 74.698 | E37: 2 | G37: Other | H37: 211C | I37: 2080 | J37: 109.342 | K37: 1 | Y37: Other federal | Z37: M211A | AA37: 4428 | AB37: 70.292 | AC37: 4 | AE37: Other federal | AF37: M211A | AG37: 25318 | AH37: 51.873 | AI37: 4 | AK37: State | AL37: 211A | AM37: 92951 | AN37: 20.086 | AO37: 17
A38: Other | B38: 211D | C38: 348808 | D38: 35.142 | E38: 15 | G38: Other | H38: 211D | I38: 119353 | J38: 51.472 | K38: 11 | Y38: State | Z38: 211A | AA38: 36170 | AB38: 26.049 | AC38: 15 | AE38: State | AF38: 211A | AG38: 104748 | AH38: 22.098 | AI38: 17 | AK38: State | AL38: 211B | AM38: 96204 | AN38: 23.364 | AO38: 16
A39: Other | B39: 221A | C39: 166521 | D39: 68.459 | E39: 5 | G39: Other | H39: 221A | I39: 11813 | J39: 56.131 | K39: 5 | Y39: State | Z39: 211B | AA39: 65133 | AB39: 40.201 | AC39: 15 | AE39: State | AF39: 211B | AG39: 107711 | AH39: 28.71 | AI39: 15 | AK39: State | AL39: 211C | AM39: 72223 | AN39: 23.855 | AO39: 11
A40: Other | B40: M211A | C40: 56709 | D40: 58.522 | E40: 5 | G40: Other | H40: M211A | I40: 35621 | J40: 70.337 | K40: 4 | Y40: State | Z40: 211C | AA40: 36684 | AB40: 39.792 | AC40: 9 | AE40: State | AF40: 211C | AG40: 84847 | AH40: 28.253 | AI40: 11 | AK40: State | AL40: 211D | AM40: 58528 | AN40: 30.644 | AO40: 10
Y41: State | Z41: 211D | AA41: 36617 | AB41: 48.317 | AC41: 9 | AE41: State | AF41: 211D | AG41: 83064 | AH41: 35.889 | AI41: 10 | AK41: State | AL41: 221A | AM41: 13880 | AN41: 63.027 | AO41: 3
Y42: State | Z42: 221A | AA42: 4598 | AB42: 93.222 | AC42: 3 | AE42: State | AF42: 221A | AG42: 21349 | AH42: 64.057 | AI42: 3 | AK42: State | AL42: M211A | AM42: 652426 | AN42: 4.769 | AO42: 110
Y43: State | Z43: M211A | AA43: 402449 | AB43: 13.79 | AC43: 101 | AE43: State | AF43: M211A | AG43: 798834 | AH43: 7.299 | AI43: 110 | AK43: County and Municipal | AL43: 211A | AM43: 50466 | AN43: 33.342 | AO43: 10
Y44: County and Municipal | Z44: 211B | AA44: 22299 | AB44: 65.494 | AC44: 5 | AE44: County and Municipal | AF44: 211A | AG44: 65027 | AH44: 35.744 | AI44: 10 | AK44: County and Municipal | AL44: 211C | AM44: 6920 | AN44: 94.914 | AO44: 1
Y45: County and Municipal | Z45: 211C | AA45: 6324 | AB45: 95.1 | AC45: 1 | AE45: County and Municipal | AF45: 211B | AG45: 44655 | AH45: 48.456 | AI45: 6 | AK45: County and Municipal | AL45: 211D | AM45: 63187 | AN45: 29.119 | AO45: 13
Y46: County and Municipal | Z46: 211D | AA46: 31731 | AB46: 39.928 | AC46: 11 | AE46: County and Municipal | AF46: 211C | AG46: -1090 | AH46: 95.1 | AI46: 1 | AK46: County and Municipal | AL46: 221A | AM46: 37843 | AN46: 38.095 | AO46: 7
Y47: County and Municipal | Z47: 221A | AA47: 15971 | AB47: 51.867 | AC47: 5 | AE47: County and Municipal | AF47: 211D | AG47: 101363 | AH47: 31.413 | AI47: 13 | AK47: County and Municipal | AL47: M211A | AM47: 19968 | AN47: 53.51 | AO47: 4
Y48: County and Municipal | Z48: M211A | AA48: 7548 | AB48: 78.859 | AC48: 3 | AE48: County and Municipal | AF48: 221A | AG48: 57168 | AH48: 40.273 | AI48: 7 | AK48: Private | AL48: 211A | AM48: 1839173 | AN48: 4.53 | AO48: 334
Y49: Private | Z49: 211A | AA49: 756458 | AB49: 7.997 | AC49: 274 | AE49: County and Municipal | AF49: M211A | AG49: 23061 | AH49: 57.549 | AI49: 4 | AK49: Private | AL49: 211B | AM49: 2771988 | AN49: 3.721 | AO49: 491
Y50: Private | Z50: 211B | AA50: 1275796 | AB50: 7.67 | AC50: 423 | AE50: Private | AF50: 211A | AG50: 2378402 | AH50: 5.247 | AI50: 328 | AK50: Private | AL50: 211C | AM50: 1235959 | AN50: 4.674 | AO50: 225
Y51: Private | Z51: 211C | AA51: 602985 | AB51: 9.264 | AC51: 186 | AE51: Private | AF51: 211B | AG51: 3611925 | AH51: 4.322 | AI51: 487 | AK51: Private | AL51: 211D | AM51: 2531646 | AN51: 3.373 | AO51: 486
Y52: Private | Z52: 211D | AA52: 1444561 | AB52: 6.269 | AC52: 411 | AE52: Private | AF52: 211C | AG52: 1508796 | AH52: 5.442 | AI52: 224 | AK52: Private | AL52: 221A | AM52: 968378 | AN52: 5.786 | AO52: 189
Y53: Private | Z53: 221A | AA53: 374611 | AB53: 12.7 | AC53: 141 | AE53: Private | AF53: 211D | AG53: 3595454 | AH53: 3.88 | AI53: 478 | AK53: Private | AL53: M211A | AM53: 6724866 | AN53: 1.672 | AO53: 1166
Y54: Private | Z54: M211A | AA54: 3012044 | AB54: 4.098 | AC54: 993 | AE54: Private | AF54: 221A | AG54: 1400821 | AH54: 6.546 | AI54: 184
Y55: Other | Z55: 211B | AA55: 408 | AB55: 96.818 | AC55: 1 | AE55: Private | AF55: M211A | AG55: 8882894 | AH55: 2.167 | AI55: 1159
Y56: Other | Z56: 211C | AA56: 2873 | AB56: 87.969 | AC56: 2 | AE56: Other | AF56: 211A | AG56: 6 | AH56: 102.364 | AI56: 1
Y57: Other | Z57: 221A | AA57: 2544 | AB57: 89.674 | AC57: 1 | AE57: Other | AF57: 211B | AG57: 764 | AH57: 105.056 | AI57: 2
AE58: Other | AF58: 211C | AG58: 1862 | AH58: 75.732 | AI58: 3
AE59: Other | AF59: 211D | AG59: 17597 | AH59: 44.492 | AI59: 15
AE60: Other | AF60: 221A | AG60: 8827 | AH60: 61.039 | AI60: 5
AE61: Other | AF61: M211A | AG61: 3781 | AH61: 65.932 | AI61: 5
A63: North Carolina
A65: 1. Annual removals 1"+ by dry weight (short tons) | G65: 2. Annual harvest removals 1"+ by dry weight (short ton) | M65: 3. Average annual harvest removals 5"+ dbh sound bole volume cu ft. | S65: 4. Average annual harvest removals of sawlog biomass of sawtimber trees (dry short tons) | Y65: 5. Average annual mortality 1"+ by dry weight (short tons) | AE65: 6. Annual gross growth 1"+ dbh by dry weight (short tons) | AK65: 7. Area (acres)
A67: OWNERSHIP ALL CLASSES | B67: ECOREGION SECTION | C67: ESTIMATE | D67: SE PERCENT | E67: PLOT COUNT | G67: OWNERSHIP ALL CLASSES | H67: ECOREGION SECTION | I67: ESTIMATE | J67: SE PERCENT | K67: PLOT COUNT | M67: OWNERSHIP ALL CLASSES | N67: ECOREGION SECTION | O67: ESTIMATE | P67: SE PERCENT | Q67: PLOT COUNT | S67: OWNERSHIP ALL CLASSES | T67: ECOREGION SECTION | U67: ESTIMATE | V67: SE PERCENT | W67: PLOT COUNT | Y67: OWNERSHIP ALL CLASSES | Z67: ECOREGION SECTION | AA67: ESTIMATE | AB67: SE PERCENT | AC67: PLOT COUNT | AE67: OWNERSHIP ALL CLASSES | AF67: ECOREGION SECTION | AG67: ESTIMATE | AH67: SE PERCENT | AI67: PLOT COUNT | AK67: OWNERSHIP ALL CLASSES | AL67: ECOREGION SECTION | AM67: ESTIMATE | AN67: SE PERCENT | AO67: PLOT COUNT
A68: Total | B68: Total | C68: 23173239 | D68: 4.569 | E68: 855 | G68: Total | H68: Total | I68: 22182661 | J68: 4.687 | K68: 830 | M68: Total | N68: Total | O68: 943745786 | P68: 4.897 | Q68: 748 | S68: Total | T68: Total | U68: 10794171 | V68: 5.602 | W68: 579 | Y68: Total | Z68: Total | AA68: 12335714 | AB68: 2.575 | AC68: 2687 | AE68: Total | AF68: Total | AG68: 48991499 | AH68: 1.247 | AI68: 3632 | AK68: Total | AL68: Total | AM68: 18700424 | AN68: 0.618 | AO68: 3634
A69: National Forest | B69: Total | C69: 108587 | D69: 57.887 | E69: 6 | G69: National Forest | H69: Total | I69: 108587 | J69: 57.887 | K69: 6 | M69: National Forest | N69: Total | O69: 4845766 | P69: 59.121 | Q69: 6 | S69: National Forest | T69: Total | U69: 52420 | V69: 65.764 | W69: 3 | Y69: National Forest | Z69: Total | AA69: 874920 | AB69: 9.358 | AC69: 193 | AE69: National Forest | AF69: Total | AG69: 2130021 | AH69: 4.486 | AI69: 223 | AK69: National Forest | AL69: Total | AM69: 1221973 | AN69: 1.369 | AO69: 226
A70: Dept of Defense | B70: Total | C70: 57837 | D70: 53.026 | E70: 7 | G70: Dept of Defense | H70: Total | I70: 57837 | J70: 53.026 | K70: 7 | M70: Dept of Defense | N70: Total | O70: 2336610 | P70: 56.12 | Q70: 5 | S70: Dept of Defense | T70: Total | U70: 26497 | V70: 55.592 | W70: 4 | Y70: National Park Service | Z70: Total | AA70: 204835 | AB70: 17.442 | AC70: 39 | AE70: National Park Service | AF70: Total | AG70: 438329 | AH70: 8.721 | AI70: 50 | AK70: National Park Service | AL70: Total | AM70: 289330 | AN70: 3.179 | AO70: 50
A71: State | B71: Total | C71: 446496 | D71: 32.417 | E71: 17 | G71: State | H71: Total | I71: 446496 | J71: 32.417 | K71: 17 | M71: State | N71: Total | O71: 19984042 | P71: 34.289 | Q71: 14 | S71: State | T71: Total | U71: 249828 | V71: 36.474 | W71: 12 | Y71: Fish and Wildlife Service | Z71: Total | AA71: 246459 | AB71: 26.587 | AC71: 38 | AE71: Fish and Wildlife Service | AF71: Total | AG71: 316079 | AH71: 19.043 | AI71: 40 | AK71: Fish and Wildlife Service | AL71: Total | AM71: 258846 | AN71: 14.793 | AO71: 43
A72: County and Municipal | B72: Total | C72: 54444 | D72: 72.949 | E72: 6 | G72: County and Municipal | H72: Total | I72: 54444 | J72: 72.949 | K72: 6 | M72: County and Municipal | N72: Total | O72: 1824256 | P72: 69.806 | Q72: 4 | S72: County and Municipal | T72: Total | U72: 5937 | V72: 84.955 | W72: 2 | Y72: Dept of Defense | Z72: Total | AA72: 264971 | AB72: 31.545 | AC72: 35 | AE72: Dept of Defense | AF72: Total | AG72: 496904 | AH72: 18.277 | AI72: 53 | AK72: Dept of Defense | AL72: Total | AM72: 299697 | AN72: 13.514 | AO72: 54
A73: Private | B73: Total | C73: 20010793 | D73: 5.058 | E73: 702 | G73: Private | H73: Total | I73: 20010793 | J73: 5.058 | K73: 702 | M73: Private | N73: Total | O73: 855050314 | P73: 5.259 | Q73: 640 | S73: Private | T73: Total | U73: 9838656 | V73: 5.987 | W73: 501 | Y73: Other federal | Z73: Total | AA73: 15955 | AB73: 99.64 | AC73: 1 | AE73: Other federal | AF73: Total | AG73: 24353 | AH73: 71.082 | AI73: 2 | AK73: Other federal | AL73: Total | AM73: 11787 | AN73: 70.507 | AO73: 2
A74: Other | B74: Total | C74: 2495081 | D74: 12.35 | E74: 162 | G74: Other | H74: Total | I74: 1504503 | J74: 14.591 | K74: 132 | M74: Other | N74: Total | O74: 59704798 | P74: 15.868 | Q74: 110 | S74: Other | T74: Total | U74: 620833 | V74: 18.608 | W74: 66 | Y74: State | Z74: Total | AA74: 698021 | AB74: 14.006 | AC74: 126 | AE74: State | AF74: Total | AG74: 1903209 | AH74: 9.903 | AI74: 167 | AK74: State | AL74: Total | AM74: 880705 | AN74: 7.837 | AO74: 169
A75: Total | B75: 231A | C75: 310097 | D75: 37.197 | E75: 11 | G75: Total | H75: 231A | I75: 310097 | J75: 37.197 | K75: 11 | M75: Total | N75: 231A | O75: 13503730 | P75: 37.717 | Q75: 11 | S75: Total | T75: 231A | U75: 138394 | V75: 43.095 | W75: 10 | Y75: County and Municipal | Z75: Total | AA75: 227979 | AB75: 24.721 | AC75: 47 | AE75: County and Municipal | AF75: Total | AG75: 806953 | AH75: 15.72 | AI75: 61 | AK75: County and Municipal | AL75: Total | AM75: 283338 | AN75: 13.517 | AO75: 61
A76: Total | B76: 231I | C76: 7604562 | D76: 8.232 | E76: 317 | G76: Total | H76: 231I | I76: 7086798 | J76: 8.608 | K76: 304 | M76: Total | N76: 231I | O76: 299333365 | P76: 9.016 | Q76: 261 | S76: Total | T76: 231I | U76: 3334220 | V76: 10.377 | W76: 184 | Y76: Private | Z76: Total | AA76: 9727514 | AB76: 2.846 | AC76: 2209 | AE76: Private | AF76: Total | AG76: 42622042 | AH76: 1.476 | AI76: 3015 | AK76: Private | AL76: Total | AM76: 15454747 | AN76: 0.899 | AO76: 3065
A77: Total | B77: 232C | C77: 3085389 | D77: 12.407 | E77: 117 | G77: Total | H77: 232C | I77: 3049820 | J77: 12.52 | K77: 115 | M77: Total | N77: 232C | O77: 129172656 | P77: 12.917 | Q77: 107 | S77: Total | T77: 232C | U77: 1495678 | V77: 15.031 | W77: 92 | Y77: Other | Z77: Total | AA77: 75058 | AB77: 35.519 | AC77: 21 | AE77: Other | AF77: Total | AG77: 253609 | AH77: 14.049 | AI77: 173 | AK77: Total | AL77: 231A | AM77: 105554 | AN77: 22.951 | AO77: 21
A78: Total | B78: 232H | C78: 4099424 | D78: 11.724 | E78: 123 | G78: Total | H78: 232H | I78: 4017367 | J78: 11.861 | K78: 121 | M78: Total | N78: 232H | O78: 170158208 | P78: 12.185 | Q78: 114 | S78: Total | T78: 232H | U78: 1881231 | V78: 13.589 | W78: 95 | Y78: Total | Z78: 231A | AA78: 77461 | AB78: 47.986 | AC78: 14 | AE78: Total | AF78: 231A | AG78: 299861 | AH78: 24.707 | AI78: 21 | AK78: Total | AL78: 231I | AM78: 6109812 | AN78: 1.822 | AO78: 1232
A79: Total | B79: 232I | C79: 4546518 | D79: 11.253 | E79: 137 | G79: Total | H79: 232I | I79: 4535050 | J79: 11.276 | K79: 137 | M79: Total | N79: 232I | O79: 195875617 | P79: 11.648 | Q79: 125 | S79: Total | T79: 232I | U79: 2346623 | V79: 13.211 | W79: 107 | Y79: Total | Z79: 231I | AA79: 4061155 | AB79: 4.56 | AC79: 933 | AE79: Total | AF79: 231I | AG79: 17901513 | AH79: 2.549 | AI79: 1241 | AK79: Total | AL79: 232C | AM79: 2126844 | AN79: 4.12 | AO79: 411
... A105: Other | B105: 232C | C105: 64142 | D105: 45.725 | E105: 13 | G105: Other | H105: 232C | I105: 28573 | J105: 36.744 | K105: 11 | M105: Other | N105: 232H | O105: 10486244 | P105: 43.576 | Q105: 17 | S105: Other | T105: M221D | U105: 44214 | V105: 53.361 | W105: 6 | Y105: County and Municipal | Z105: 232H | AA105: 16407 | AB105: 78.936 | AC105: 6 | AE105: County and Municipal | AF105: 232C | AG105: 118464 | AH105: 47.384 | AI105: 6 | AK105: County and Municipal | AL105: 232H | AM105: 23603 | AN105: 43.077 | AO105: 7
A106: Other | B106: 232H | C106: 331440 | D106: 35.607 | E106: 24 | G106: Other | H106: 232H | I106: 249384 | J106: 39.916 | K106: 22 | M106: Other | N106: 232I | O106: 4702507 | P106: 44.666 | Q106: 10 | Y106: County and Municipal | Z106: 232I | AA106: 6358 | AB106: 66.081 | AC106: 3 | AE106: County and Municipal | AF106: 232H | AG106: 62417 | AH106: 52.209 | AI106: 7 | AK106: County and Municipal | AL106: 232I | AM106: 27994 | AN106: 45.352 | AO106: 5
A107: Other | B107: 232I | C107: 139440 | D107: 41.588 | E107: 11 | G107: Other | H107: 232I | I107: 127972 | J107: 43.31 | K107: 11 | M107: Other | N107: 232J | O107: 6638671 | P107: 45.874 | Q107: 8 | Y107: County and Municipal | Z107: 232J | AA107: 32932 | AB107: 66.073 | AC107: 3 | AE107: County and Municipal | AF107: 232I | AG107: 62613 | AH107: 53.479 | AI107: 5 | AK107: County and Municipal | AL107: 232J | AM107: 14592 | AN107: 58.885 | AO107: 3
A108: Other | B108: 232J | C108: 169932 | D108: 43.095 | E108: 8 | G108: Other | H108: 232J | I108: 152977 | J108: 45.868 | K108: 8 | M108: Other | N108: M221D | O108: 4179207 | P108: 43.825 | Q108: 12 | Y108: County and Municipal | Z108: M221D | AA108: 14037 | AB108: 47.424 | AC108: 8 | AE108: County and Municipal | AF108: 232J | AG108: 82469 | AH108: 63.375 | AI108: 3 | AK108: County and Municipal | AL108: M221D | AM108: 53935 | AN108: 32.911 | AO108: 9
Y109: Private | Z109: 231A | AA109: 77461 | AB109: 47.986 | AC109: 14 | AE109: County and Municipal | AF109: M221D | AG109: 76068 | AH109: 36.941 | AI109: 9 | AK109: Private | AL109: 231A | AM109: 105554 | AN109: 22.951 | AO109: 21
Y110: Private | Z110: 231I | AA110: 3609433 | AB110: 4.802 | AC110: 852 | AE110: Private | AF110: 231A | AG110: 295849 | AH110: 24.942 | AI110: 21 | AK110: Private | AL110: 231I | AM110: 5605587 | AN110: 1.981 | AO110: 1140
Y111: Private | Z111: 232C | AA111: 809578 | AB111: 9.471 | AC111: 233 | AE111: Private | AF111: 231I | AG111: 16315297 | AH111: 2.771 | AI111: 1124 | AK111: Private | AL111: 232C | AM111: 1806286 | AN111: 4.661 | AO111: 353
Y112: Private | Z112: 232H | AA112: 1397872 | AB112: 8.635 | AC112: 294 | AE112: Private | AF112: 232C | AG112: 4718957 | AH112: 6.066 | AI112: 348 | AK112: Private | AL112: 232H | AM112: 1997849 | AN112: 4.613 | AO112: 422
Y113: Private | Z113: 232I | AA113: 1507334 | AB113: 7.761 | AC113: 309 | AE113: Private | AF113: 232H | AG113: 6370324 | AH113: 5.435 | AI113: 416 | AK113: Private | AL113: 232I | AM113: 2410032 | AN113: 3.692 | AO113: 453
Y114: Private | Z114: 232J | AA114: 640460 | AB114: 12.477 | AC114: 157 | AE114: Private | AF114: 232I | AG114: 7177755 | AH114: 4.823 | AI114: 446 | AK114: Private | AL114: 232J | AM114: 1166083 | AN114: 6.257 | AO114: 227
Y115: Private | Z115: M221D | AA115: 1685375 | AB115: 7.332 | AC115: 350 | AE115: Private | AF115: 232J | AG115: 3114016 | AH115: 7.722 | AI115: 225 | AK115: Private | AL115: M221D | AM115: 2363355 | AN115: 2.817 | AO115: 449
Y116: Other | Z116: 231I | AA116: 36274 | AB116: 55.355 | AC116: 7 | AE116: Private | AF116: M221D | AG116: 4629843 | AH116: 3.7 | AI116: 435
Y117: Other | Z117: 232C | AA117: 1351 | AB117: 90.719 | AC117: 2 | AE117: Other | AF117: 231A | AG117: 4012 | AH117: 83.962 | AI117: 2
Y118: Other | Z118: 232H | AA118: 8764 | AB118: 97.445 | AC118: 2 | AE118: Other | AF118: 231I | AG118: 140233 | AH118: 19.541 | AI118: 81
Y119: Other | Z119: 232I | AA119: 18394 | AB119: 71.444 | AC119: 6 | AE119: Other | AF119: 232C | AG119: 5770 | AH119: 33.206 | AI119: 13
Y120: Other | Z120: 232J | AA120: 8361 | AB120: 91.341 | AC120: 2 | AE120: Other | AF120: 232H | AG120: 36367 | AH120: 35.791 | AI120: 25
Y121: Other | Z121: M221D | AA121: 1913 | AB121: 77.04 | AC121: 2 | AE121: Other | AF121: 232I | AG121: 28021 | AH121: 39.721 | AI121: 17
AE122: Other | AF122: 232J | AG122: 29083 | AH122: 49.091 | AI122: 10
A124: Oregon
A126: 1. Annual removals 1"+ by dry weight (short tons) | G126: 2. Annual harvest removals 1"+ by dry weight (short ton) | M126: 3. Average annual harvest removals 5"+ dbh sound bole volume cu ft. | S126: 4. Average annual harvest removals of sawlog biomass of sawtimber trees (dry short tons) | Y126: 5. Average annual mortality 1"+ by dry weight (short tons) | AE126: 6. Annual gross growth 1"+ dbh by dry weight (short tons) | AK126: 7. Area (acres)
A128: OWNERSHIP ALL CLASSES | B128: ECOREGION SECTION | C128: ESTIMATE | D128: SE PERCENT | E128: PLOT COUNT | G128: OWNERSHIP ALL CLASSES | H128: ECOREGION SECTION | I128: ESTIMATE | J128: SE PERCENT | K128: PLOT COUNT | M128: OWNERSHIP ALL CLASSES | N128: ECOREGION SECTION | O128: ESTIMATE | P128: SE PERCENT | Q128: PLOT COUNT | S128: OWNERSHIP ALL CLASSES | T128: ECOREGION SECTION | U128: ESTIMATE | V128: SE PERCENT | W128: PLOT COUNT | Y128: OWNERSHIP ALL CLASSES | Z128: ECOREGION SECTION | AA128: ESTIMATE | AB128: SE PERCENT | AC128: PLOT COUNT | AE128: OWNERSHIP ALL CLASSES | AF128: ECOREGION SECTION | AG128: ESTIMATE | AH128: SE PERCENT | AI128: PLOT COUNT | AK128: OWNERSHIP ALL CLASSES | AL128: ECOREGION SECTION | AM128: ESTIMATE | AN128: SE PERCENT | AO128: PLOT COUNT
A129: Total | B129: Total | C129: 23033218 | D129: 5.74 | E129: 1114 | G129: Total | H129: Total | I129: 22830992 | J129: 5.788 | K129: 1038 | M129: Total | N129: Total | O129: 1153740635 | P129: 5.855 | Q129: 948 | S129: Total | T129: Total | U129: 16214710 | V129: 6.183 | W129: 757 | Y129: Total | Z129: Total | AA129: 14823437 | AB129: 3.003 | AC129: 5041 | AE129: Total | AF129: Total | AG129: 52013779 | AH129: 1.06 | AI129: 8194 | AK129: Total | AL129: Total | AM129: 29740902 | AN129: 0.433 | AO129: 9732
A130: National Forest | B130: Total | C130: 1911332 | D130: 8.115 | E130: 572 | G130: National Forest | H130: Total | I130: 1848189 | J130: 8.371 | K130: 523 | M130: National Forest | N130: Total | O130: 92822825 | P130: 8.558 | Q130: 462 | S130: National Forest | T130: Total | U130: 1191651 | V130: 9.507 | W130: 342 | Y130: National Forest | Z130: Total | AA130: 9631967 | AB130: 3.793 | AC130: 3971 | AE130: National Forest | AF130: Total | AG130: 19803985 | AH130: 1.095 | AI130: 6050 | AK130: National Forest | AL130: Total | AM130: 14050158 | AN130: 0.326 | AO130: 6933
A131: National Park Service | B131: Total | C131: 18933 | D131: 103.203 | E131: 1 | G131: Bureau of Land Mgmt | H131: Total | I131: 875149 | J131: 21.373 | K131: 56 | M131: Bureau of Land Mgmt | N131: Total | O131: 42757089 | P131: 22.006 | Q131: 53 | S131: Bureau of Land Mgmt | T131: Total | U131: 521065 | V131: 23.585 | W131: 32 | Y131: National Park Service | Z131: Total | AA131: 329435 | AB131: 25.986 | AC131: 20 | AE131: National Park Service | AF131: Total | AG131: 195743 | AH131: 17.548 | AI131: 25 | AK131: National Park Service | AL131: Total | AM131: 175756 | AN131: 13.066 | AO131: 24
A132: Bureau of Land Mgmt | B132: Total | C132: 896573 | D132: 20.88 | E132: 69 | G132: State | H132: Total | I132: 1360443 | J132: 25.023 | K132: 34 | M132: State | N132: Total | O132: 69910017 | P132: 24.887 | Q132: 33 | S132: State | T132: Total | U132: 1027035 | V132: 25.72 | W132: 29 | Y132: Bureau of Land Mgmt | Z132: Total | AA132: 1442425 | AB132: 9.843 | AC132: 250 | AE132: Bureau of Land Mgmt | AF132: Total | AG132: 6705281 | AH132: 3.612 | AI132: 511 | AK132: Bureau of Land Mgmt | AL132: Total | AM132: 3600779 | AN132: 2.096 | AO132: 808
A133: Fish and Wildlife Service | B133: Total | C133: 1089 | D133: 110 | E133: 1 | G133: County and Municipal | H133: Total | I133: 207647 | J133: 47.508 | K133: 10 | M133: County and Municipal | N133: Total | O133: 11160814 | P133: 48.857 | Q133: 9 | S133: County and Municipal | T133: Total | U133: 140505 | V133: 47.511 | W133: 8 | Y133: Fish and Wildlife Service | Z133: Total | AA133: 743 | AB133: 72.047 | AC133: 2 | AE133: Fish and Wildlife Service | AF133: Total | AG133: 18836 | AH133: 82.387 | AI133: 5 | AK133: Fish and Wildlife Service | AL133: Total | AM133: 18214 | AN133: 54.922 | AO133: 5
A134: State | B134: Total | C134: 1361615 | D134: 25.002 | E134: 35 | G134: Private | H134: Total | I134: 18539565 | J134: 6.778 | K134: 418 | M134: Private | N134: Total | O134: 937089890 | P134: 6.856 | Q134: 393 | S134: Private | T134: Total | U134: 13334454 | V134: 7.165 | W134: 346 | Y134: Other federal | Z134: Total | AA134: 12233 | AB134: 85.272 | AC134: 2 | AE134: Other federal | AF134: Total | AG134: 44324 | AH134: 69.627 | AI134: 3 | AK134: Dept of Defense | AL134: Total | AM134: 64 | AN134: 104.928 | AO134: 1
A135: County and Municipal | B135: Total | C135: 207647 | D135: 47.508 | E135: 10 | G135: Total | H135: 242B | I135: 1486623 | J135: 23.101 | K135: 44 | M135: Total | N135: 242B | O135: 71563864 | P135: 23.622 | Q135: 43 | S135: Total | T135: 242B | U135: 1032791 | V135: 25.124 | W135: 40 | Y135: State | Z135: Total | AA135: 565804 | AB135: 14.949 | AC135: 97 | AE135: State | AF135: Total | AG135: 2763086 | AH135: 5.723 | AI135: 161 | AK135: Other federal | AL135: Total | AM135: 18415 | AN135: 56.3 | AO135: 4
A136: Private | B136: Total | C136: 18636029 | D136: 6.746 | E136: 430 | G136: Total | H136: 263A | I136: 339 | J136: 101.373 | K136: 1 | M136: Total | N136: 263A | O136: 10925 | P136: 101.373 | Q136: 1 | S136: Total | T136: 342B | U136: 1798 | V136: 100.601 | W136: 1 | Y136: County and Municipal | Z136: Total | AA136: 76597 | AB136: 34.283 | AC136: 16 | AE136: County and Municipal | AF136: Total | AG136: 383154 | AH136: 21.474 | AI136: 30 | AK136: State | AL136: Total | AM136: 980861 | AN136: 3.849 | AO136: 186
A137: Total | B137: 242B | C137: 1497820 | D137: 22.928 | E137: 47 | G137: Total | H137: 342B | I137: 3310 | J137: 77.83 | K137: 4 | M137: Total | N137: 342B | O137: 172378 | P137: 78.301 | Q137: 4 | S137: Total | T137: 342H | U137: 36904 | V137: 32.634 | W137: 18 | Y137: Private | Z137: Total | AA137: 2764233 | AB137: 6.29 | AC137: 694 | AE137: Private | AF137: Total | AG137: 22099369 | AH137: 2.061 | AI137: 1477 | AK137: County and Municipal | AL137: Total | AM137: 237289 | AN137: 15.109 | AO137: 46
A138: Total | B138: 263A | C138: 339 | D138: 101.373 | E138: 1 | G138: Total | H138: 342H | I138: 66868 | J138: 29.054 | K138: 24 | M138: Total | N138: 342H | O138: 3254273 | P138: 29.839 | Q138: 23 | S138: Total | T138: M242A | U138: 8479595 | V138: 9.72 | W138: 169 | Y138: Total | Z138: 242B | AA138: 404984 | AB138: 16.057 | AC138: 78 | AE138: Total | AF138: 242B | AG138: 2791149 | AH138: 8.946 | AI138: 158 | AK138: Private | AL138: Total | AM138: 10659366 | AN138: 1.007 | AO138: 1842
A139: Total | B139: 342B | C139: 18382 | D139: 39.679 | E139: 13 | G139: Total | H139: M242A | I139: 11703013 | J139: 9.276 | K139: 212 | M139: Total | N139: M242A | O139: 594834576 | P139: 9.395 | Q139: 199 | S139: Total | T139: M242B | U139: 3796578 | V139: 13.608 | W139: 142 | Y139: Total | Z139: 263A | AA139: 12047 | AB139: 48.608 | AC139: 9 | AE139: Total | AF139: 263A | AG139: 60809 | AH139: 35.831 | AI139: 10 | AK139: Total | AL139: 242B | AM139: 1054468 | AN139: 6.763 | AO139: 210
A140: Total | B140: 342H | C140: 92402 | D140: 24.136 | E140: 39 | G140: Total | H140: M242B | I140: 5229718 | J140: 12.868 | K140: 203 | M140: Total | N140: M242B | O140: 263429981 | P140: 12.996 | Q140: 177 | S140: Total | T140: M242C | U140: 610045 | V140: 16.61 | W140: 132 | Y140: Total | Z140: 331A | AA140: 17308 | AB140: 65.918 | AC140: 2 | AE140: Total | AF140: 331A | AG140: 13294 | AH140: 58.778 | AI140: 3 | AK140: Total | AL140: 263A | AM140: 18388 | AN140: 31.794 | AO140: 10
... A180: County and Municipal | B180: M332G | C180: 89593 | D180: 55.78 | E180: 2 | G180: Private | H180: M242A | I180: 9665909 | J180: 10.553 | K180: 139 | M180: Private | N180: M242A | O180: 492064728 | P180: 10.692 | Q180: 130 | S180: Private | T180: M332G | U180: 577778 | V180: 18.955 | W180: 42 | Y180: State | Z180: M242C | AA180: 12434 | AB180: 51.981 | AC180: 5 | AE180: State | AF180: M242A | AG180: 2368465 | AH180: 7.297 | AI180: 109 | AK180: Other federal | AL180: M261A | AM180: 12259 | AN180: 67.136 | AO180: 3
...

Sheet EV SUMMARY
A1: Summary Table
A3: Maine
A5: 1. Annual removals 1"+ by dry weight (short tons) | F5: 5. Average annual mortality 1"+ by dry weight (short tons) | K5: 6. Annual gross growth 1"+ dbh by dry weight (short tons)
A7: OWNERSHIP ALL CLASSES | B7: ECOREGION SECTION | C7: ESTIMATE | D7: SE PERCENT | E7: PLOT COUNT | F7: OWNERSHIP ALL CLASSES | G7: ECOREGION SECTION | H7: ESTIMATE | I7: SE PERCENT | J7: PLOT COUNT | K7: OWNERSHIP ALL CLASSES | L7: ECOREGION SECTION | M7: ESTIMATE | N7: SE PERCENT | O7: PLOT COUNT
A8: Total | B8: Total | C8: 11144856 | D8: 6.032 | E8: 480 | F8: Total | G8: Total | H8: 8276270 | I8: 2.335 | J8: 2668 | K8: Total | L8: Total | M8: 23200948 | N8: 0.898 | O8: 3115
A9: National Forest | B9: Total | C9: 959 | D9: 100 | E9: 1 | F9: National Forest | G9: Total | H9: 20056 | I9: 17.399 | J9: 26 | K9: National Forest | L9: Total | M9: 65262 | N9: 13.245 | O9: 29
A10: Dept of Defense | B10: Total | C10: 121 | D10: 107.58 | E10: 1 | F10: National Park Service | G10: Total | H10: 54190 | I10: 36.254 | J10: 16 | K10: National Park Service | L10: Total | M10: 118672 | N10: 27.156 | O10: 17
A11: State | B11: Total | C11: 238758 | D11: 35.96 | E11: 10 | F11: Fish and Wildlife Service | G11: Total | H11: 44428 | I11: 43.655 | J11: 10 | K11: Fish and Wildlife Service | L11: Total | M11: 78751 | N11: 34.381 | O11: 11
A12: County and Municipal | B12: Total | C12: 91450 | D12: 61.358 | E12: 4 | F12: Dept of Defense | G12: Total | H12: 1462 | I12: 78.748 | J12: 2 | K12: Dept of Defense | L12: Total | M12: 8723 | N12: 76.096 | O12: 2
A13: Private | B13: Total | C13: 10197662 | D13: 6.3 | E13: 441 | F13: Other federal | G13: Total | H13: 5600 | I13: 58.396 | J13: 5 | K13: Other federal | L13: Total | M13: 27674 | N13: 47.336 | O13: 5
A14: Other | B14: Total | C14: 615906 | D14: 28.019 | E14: 29 | F14: State | G14: Total | H14: 581652 | I14: 11.048 | J14: 152 | K14: State | L14: Total | M14: 1200552 | N14: 5.963 | O14: 166
A15: Total | B15: 211A | C15: 1230457 | D15: 16.777 | E15: 61 | F15: County and Municipal | G15: Total | H15: 96600 | I15: 24.208 | J15: 34 | K15: County and Municipal | L15: Total | M15: 290185 | N15: 17.913 | O15: 41
A16: Total | B16: 211B | C16: 1539308 | D16: 14.251 | E16: 80 | F16: Private | G16: Total | H16: 7466455 | I16: 2.447 | J16: 2428 | K16: Private | L16: Total | M16: 21378292 | N16: 0.967 | O16: 2860
A17: Total | B17: 211C | C17: 376662 | D17: 31.249 | E17: 19 | F17: Other | G17: Total | H17: 5825 | I17: 58.84 | J17: 4 | K17: Other | L17: Total | M17: 32837 | N17: 30.317 | O17: 31
A18: Total | B18: 211D | C18: 1648099 | D18: 14.775 | E18: 81 | F18: Total | G18: 211A | H18: 839621 | I18: 7.631 | J18: 302 | K18: Total | L18: 211A | M18: 2593876 | N18: 4.97 | O18: 357
A19: Total | B19: 221A | C19: 930526 | D19: 23.243 | E19: 40 | F19: Total | G19: 211B | H19: 1363761 | I19: 7.495 | J19: 444 | K19: Total | L19: 211B | M19: 3773602 | N19: 4.251 | O19: 508
A20: Total | B20: M211A | C20: 5419804 | D20: 9.323 | E20: 199 | F20: Total | G20: 211C | H20: 679064 | I20: 8.621 | J20: 209 | K20: Total | L20: 211C | M20: 1648611 | N20: 5.186 | O20: 249
F21: Total | G21: 211D | H21: 1515676 | I21: 6.037 | J21: 431 | K21: Total | L21: 211D | M21: 3817130 | N21: 3.672 | O21: 499
F22: Total | G22: 221A | H22: 403831 | I22: 11.951 | J22: 152 | K22: Total | L22: 221A | M22: 1499833 | N22: 6.184 | O22: 196
F23: Total | G23: M211A | H23: 3474317 | I23: 3.873 | J23: 1130 | K23: Total | L23: M211A | M23: 9867896 | N23: 2.018 | O23: 1306
A25: North Carolina
A27: 1. Annual removals 1"+ by dry weight (short tons) | F27: 5. Average annual mortality 1"+ by dry weight (short tons) | K27: 6. Annual gross growth 1"+ dbh by dry weight (short tons)
A29: OWNERSHIP ALL CLASSES | B29: ECOREGION SECTION | C29: ESTIMATE | D29: SE PERCENT | E29: PLOT COUNT | F29: OWNERSHIP ALL CLASSES | G29: ECOREGION SECTION | H29: ESTIMATE | I29: SE PERCENT | J29: PLOT COUNT | K29: OWNERSHIP ALL CLASSES | L29: ECOREGION SECTION | M29: ESTIMATE | N29: SE PERCENT | O29: PLOT COUNT
A30: Total | B30: Total | C30: 23173239 | D30: 4.569 | E30: 855 | F30: Total | G30: Total | H30: 12335714 | I30: 2.575 | J30: 2687 | K30: Total | L30: Total | M30: 48991499 | N30: 1.247 | O30: 3632
A31: National Forest | B31: Total | C31: 108587 | D31: 57.887 | E31: 6 | F31: National Forest | G31: Total | H31: 874920 | I31: 9.358 | J31: 193 | K31: National Forest | L31: Total | M31: 2130021 | N31: 4.486 | O31: 223
A32: Dept of Defense | B32: Total | C32: 57837 | D32: 53.026 | E32: 7 | F32: National Park Service | G32: Total | H32: 204835 | I32: 17.442 | J32: 39 | K32: National Park Service | L32: Total | M32: 438329 | N32: 8.721 | O32: 50
A33: State | B33: Total | C33: 446496 | D33: 32.417 | E33: 17 | F33: Fish and Wildlife Service | G33: Total | H33: 246459 | I33: 26.587 | J33: 38 | K33: Fish and Wildlife Service | L33: Total | M33: 316079 | N33: 19.043 | O33: 40
A34: County and Municipal | B34: Total | C34: 54444 | D34: 72.949 | E34: 6 | F34: Dept of Defense | G34: Total | H34: 264971 | I34: 31.545 | J34: 35 | K34: Dept of Defense | L34: Total | M34: 496904 | N34: 18.277 | O34: 53
A35: Private | B35: Total | C35: 20010793 | D35: 5.058 | E35: 702 | F35: Other federal | G35: Total | H35: 15955 | I35: 99.64 | J35: 1 | K35: Other federal | L35: Total | M35: 24353 | N35: 71.082 | O35: 2
A36: Other | B36: Total | C36: 2495081 | D36: 12.35 | E36: 162 | F36: State | G36: Total | H36: 698021 | I36: 14.006 | J36: 126 | K36: State | L36: Total | M36: 1903209 | N36: 9.903 | O36: 167
A37: Total | B37: 231A | C37: 310097 | D37: 37.197 | E37: 11 | F37: County and Municipal | G37: Total | H37: 227979 | I37: 24.721 | J37: 47 | K37: County and Municipal | L37: Total | M37: 806953 | N37: 15.72 | O37: 61
A38: Total | B38: 231I | C38: 7604562 | D38: 8.232 | E38: 317 | F38: Private | G38: Total | H38: 9727514 | I38: 2.846 | J38: 2209 | K38: Private | L38: Total | M38: 42622042 | N38: 1.476 | O38: 3015
A39: Total | B39: 232C | C39: 3085389 | D39: 12.407 | E39: 117 | F39: Other | G39: Total | H39: 75058 | I39: 35.519 | J39: 21 | K39: Other | L39: Total | M39: 253609 | N39: 14.049 | O39: 173
A40: Total | B40: 232H | C40: 4099424 | D40: 11.724 | E40: 123 | F40: Total | G40: 231A | H40: 77461 | I40: 47.986 | J40: 14 | K40: Total | L40: 231A | M40: 299861 | N40: 24.707 | O40: 21
A41: Total | B41: 232I | C41: 4546518 | D41: 11.253 | E41: 137 | F41: Total | G41: 231I | H41: 4061155 | I41: 4.56 | J41: 933 | K41: Total | L41: 231I | M41: 17901513 | N41: 2.549 | O41: 1241
... A43: Total | B43: M221D | C43: 1657261 | D43: 18.102 | E43: 73 | F43: Total | G43: 232H | H43: 1447850 | I43: 8.423 | J43: 307 | K43: Total | L43: 232H | M43: 6603801 | N43: 5.312 | O43: 435
F44: Total | G44: 232I | H44: 2265912 | I44: 7.346 | J44: 406 | K44: Total | L44: 232I | M44: 8369291 | N44: 4.197 | O44: 571
F45: Total | G45: 232J | H45: 789023 | I45: 11.329 | J45: 182 | K45: Total | L45: 232J | M45: 3464732 | N45: 7.144 | O45: 269
F46: Total | G46: M221D | H46: 2707125 | I46: 5.567 | J46: 568 | K46: Total | L46: M221D | M46: 6983712 | N46: 2.778 | O46: 685
A48: Oregon
A50: 1. Annual removals 1"+ by dry weight (short tons) | F50: 5. Average annual mortality 1"+ by dry weight (short tons) | K50: 6. Annual gross growth 1"+ dbh by dry weight (short tons)
A52: OWNERSHIP ALL CLASSES | B52: ECOREGION SECTION | C52: ESTIMATE | D52: SE PERCENT | E52: PLOT COUNT | F52: OWNERSHIP ALL CLASSES | G52: ECOREGION SECTION | H52: ESTIMATE | I52: SE PERCENT | J52: PLOT COUNT | K52: OWNERSHIP ALL CLASSES | L52: ECOREGION SECTION | M52: ESTIMATE | N52: SE PERCENT | O52: PLOT COUNT
A53: Total | B53: Total | C53: 23033218 | D53: 5.74 | E53: 1114 | F53: Total | G53: Total | H53: 14823437 | I53: 3.003 | J53: 5041 | K53: Total | L53: Total | M53: 52013779 | N53: 1.06 | O53: 8194
A54: National Forest | B54: Total | C54: 1911332 | D54: 8.115 | E54: 572 | F54: National Forest | G54: Total | H54: 9631967 | I54: 3.793 | J54: 3971 | K54: National Forest | L54: Total | M54: 19803985 | N54: 1.095 | O54: 6050
A55: National Park Service | B55: Total | C55: 18933 | D55: 103.203 | E55: 1 | F55: National Park Service | G55: Total | H55: 329435 | I55: 25.986 | J55: 20 | K55: National Park Service | L55: Total | M55: 195743 | N55: 17.548 | O55: 25
A56: Bureau of Land Mgmt | B56: Total | C56: 896573 | D56: 20.88 | E56: 69 | F56: Bureau of Land Mgmt | G56: Total | H56: 1442425 | I56: 9.843 | J56: 250 | K56: Bureau of Land Mgmt | L56: Total | M56: 6705281 | N56: 3.612 | O56: 511
A57: Fish and Wildlife Service | B57: Total | C57: 1089 | D57: 110 | E57: 1 | F57: Fish and Wildlife Service | G57: Total | H57: 743 | I57: 72.047 | J57: 2 | K57: Fish and Wildlife Service | L57: Total | M57: 18836 | N57: 82.387 | O57: 5
A58: State | B58: Total | C58: 1361615 | D58: 25.002 | E58: 35 | F58: Other federal | G58: Total | H58: 12233 | I58: 85.272 | J58: 2 | K58: Other federal | L58: Total | M58: 44324 | N58: 69.627 | O58: 3
A59: County and Municipal | B59: Total | C59: 207647 | D59: 47.508 | E59: 10 | F59: State | G59: Total | H59: 565804 | I59: 14.949 | J59: 97 | K59: State | L59: Total | M59: 2763086 | N59: 5.723 | O59: 161
A60: Private | B60: Total | C60: 18636029 | D60: 6.746 | E60: 430 | F60: County and Municipal | G60: Total | H60: 76597 | I60: 34.283 | J60: 16 | K60: County and Municipal | L60: Total | M60: 383154 | N60: 21.474 | O60: 30
A61: Total | B61: 242B | C61: 1497820 | D61: 22.928 | E61: 47 | F61: Private | G61: Total | H61: 2764233 | I61: 6.29 | J61: 694 | K61: Private | L61: Total | M61: 22099369 | N61: 2.061 | O61: 1477
A62: Total | B62: 263A | C62: 339 | D62: 101.373 | E62: 1 | F62: Total | G62: 242B | H62: 404984 | I62: 16.057 | J62: 78 | K62: Total | L62: 242B | M62: 2791149 | N62: 8.946 | O62: 158
A63: Total | B63: 342B | C63: 18382 | D63: 39.679 | E63: 13 | F63: Total | G63: 263A | H63: 12047 | I63: 48.608 | J63: 9 | K63: Total | L63: 263A | M63: 60809 | N63: 35.831 | O63: 10
A64: Total | B64: 342H | C64: 92402 | D64: 24.136 | E64: 39 | F64: Total | G64: 331A | H64: 17308 | I64: 65.918 | J64: 2 | K64: Total | L64: 331A | M64: 13294 | N64: 58.778 | O64: 3
... A71: Total | B71: M332G | C71: 1245605 | D71: 12.414 | E71: 257 | F71: Total | G71: M261A | H71: 2086622 | I71: 9.59 | J71: 483 | K71: Total | L71: M261A | M71: 5256591 | N71: 5.061 | O71: 656
F72: Total | G72: M261D | H72: 73914 | I72: 28.492 | J72: 28 | K72: Total | L72: M261D | M72: 406213 | N72: 17.644 | O72: 52
F73: Total | G73: M261G | H73: 328424 | I73: 14.014 | J73: 178 | K73: Total | L73: M261G | M73: 772821 | N73: 7.511 | O73: 354
F74: Total | G74: M332G | H74: 2134114 | I74: 6.63 | J74: 1283 | K74: Total | L74: M332G | M74: 5483593 | N74: 2.265 | O74: 2202
A76: Washington
A78: 1. Annual removals 1"+ by dry weight (short tons) | F78: 5. Average annual mortality 1"+ by dry weight (short tons) | K78: 6. Annual gross growth 1"+ dbh by dry weight (short tons)
A80: OWNERSHIP ALL CLASSES | B80: ECOREGION SECTION | C80: ESTIMATE | D80: SE PERCENT | E80: PLOT COUNT | F80: OWNERSHIP ALL CLASSES | G80: ECOREGION SECTION | H80: ESTIMATE | I80: SE PERCENT | J80: PLOT COUNT | K80: OWNERSHIP ALL CLASSES | L80: ECOREGION SECTION | M80: ESTIMATE | N80: SE PERCENT | O80: PLOT COUNT
A81: Total | B81: Total | C81: 19934521 | D81: 6.605 | E81: 630 | F81: Total | G81: Total | H81: 19091489 | I81: 3.295 | J81: 3331 | K81: Total | L81: Total | M81: 44720707 | N81: 1.194 | O81: 4495
A82: National Forest | B82: Total | C82: 666983 | D82: 14.553 | E82: 181 | F82: National Forest | G82: Total | H82: 9852908 | I82: 5.037 | J82: 2154 | K82: National Forest | L82: Total | M82: 12976595 | N82: 1.632 | O82: 2712
A83: Bureau of Land Mgmt | B83: Total | C83: 40692 | D83: 97.128 | E83: 1 | F83: National Park Service | G83: Total | H83: 1826817 | I83: 10.632 | J83: 106 | K83: National Park Service | L83: Total | M83: 2139165 | N83: 6.649 | O83: 117
A84: Fish and Wildlife Service | B84: Total | C84: 55489 | D84: 66.187 | E84: 4 | F84: Bureau of Land Mgmt | G84: Total | H84: 56385 | I84: 54.147 | J84: 9 | K84: Bureau of Land Mgmt | L84: Total | M84: 72544 | N84: 34.189 | O84: 12
A85: Dept of Defense | B85: Total | C85: 22814 | D85: 84.472 | E85: 1 | F85: Fish and Wildlife Service | G85: Total | H85: 103582 | I85: 42.073 | J85: 9 | K85: Fish and Wildlife Service | L85: Total | M85: 275108 | N85: 26.446 | O85: 14
A86: State | B86: Total | C86: 3820584 | D86: 18.339 | E86: 82 | F86: Dept of Defense | G86: Total | H86: 77458 | I86: 46.157 | J86: 10 | K86: Dept of Defense | L86: Total | M86: 319146 | N86: 30.032 | O86: 11
A87: County and Municipal | B87: Total | C87: 158362 | D87: 65.541 | E87: 5 | F87: Other federal | G87: Total | H87: 85847 | I87: 46.202 | J87: 5 | K87: Other federal | L87: Total | M87: 51930 | N87: 103.63 | O87: 6
A88: Private | B88: Total | C88: 15169597 | D88: 7.308 | E88: 357 | F88: State | G88: Total | H88: 2250273 | I88: 8.916 | J88: 274 | K88: State | L88: Total | M88: 6808541 | N88: 3.916 | O88: 393
A89: Total | B89: 242A | C89: 3474160 | D89: 18.641 | E89: 73 | F89: County and Municipal | G89: Total | H89: 362080 | I89: 23.385 | J89: 40 | K89: County and Municipal | L89: Total | M89: 975116 | N89: 16.418 | O89: 53
A90: Total | B90: 242B | C90: 39147 | D90: 92.788 | E90: 1 | F90: Other local govt | G90: Total | H90: 1476 | I90: 107.795 | J90: 1 | K90: Other local govt | L90: Total | M90: 50644 | N90: 74.526 | O90: 2
A91: Total | B91: 331A | C91: 19032 | D91: 98.602 | E91: 1 | F91: Private | G91: Total | H91: 4474663 | I91: 5.732 | J91: 733 | K91: Private | L91: Total | M91: 21051917 | N91: 2.097 | O91: 1204
A92: Total | B92: 342I | C92: 89522 | D92: 39.747 | E92: 13 | F92: Total | G92: 242A | H92: 1261118 | I92: 12.111 | J92: 190 | K92: Total | L92: 242A | M92: 5837585 | N92: 6.096 | O92: 281
... A98: Total | B98: M333A | C98: 1785842 | D98: 12.856 | E98: 150 | F98: Total | G98: M242C | H98: 1411368 | I98: 12.33 | J98: 246 | K98: Total | L98: M242C | M98: 2312993 | N98: 7.253 | O98: 347
F99: Total | G99: M242D | H99: 6100114 | I99: 6.754 | J99: 992 | K99: Total | L99: M242D | M99: 7965208 | N99: 4.247 | O99: 1293
F100: Total | G100: M332G | H100: 722883 | I100: 26.41 | J100: 74 | K100: Total | L100: M332G | M100: 341353 | N100: 13.585 | O100: 94
F101: Total | G101: M333A | H101: 2169313 | I101: 7.35 | J101: 645 | K101: Total | L101: M333A | M101: 4870520 | N101: 3.757 | O101: 884

Sheet Analysis
A1: FCTR 2023
A2: Analysis and display tables
A4: 1. CO2-e removals from forestlands (REM)
B6: REM (short tons) | C6: REM (CO2-e)
A7: Oregon | B7: 23033218 | C7: =B7*0.5*0.907185*3.67 -> 38343040
A8: Washington | B8: 19934521 | C8: =B8*0.5*0.907185*3.67 -> 33184688
A9: Maine | B9: 11144856 | C9: =B9*0.5*0.907185*3.67 -> 18552669
A10: North Carolina | B10: 23173239 | C10: =B10*0.5*0.907185*3.67 -> 38576131
A12: 2. Long term HWP storage (STOR)
A14: Product shares | J14: EF-LL | L14: EF-SL
B15: SW share | C15: HW share | D15: SW-LL | E15: SW-SL | F15: HW-LL | G15: HW-SL | J15: SW-LL | K15: HW-LL | L15: SW-SL | M15: HW-SL
A16: Oregon | B16: =(3824.8/3918.3) -> 0.97613761 | C16: =1-B16 -> 0.023862389 | D16: =(2801+665)/3918.3 -> 0.88456729 | E16: =(314+44.5)/3918.3+0.0001 -> 0.09159376 | F16: =(50.7+4.6)/3918.3 -> 0.014113263 | G16: =(38+0.2)/3918.3 -> 0.0097491259 | H16: =SUM(D16:G16) -> 1.0000234 | J16: 0.97616105 | K16: =F16+G16 -> 0.023862389 | L16: 0.97616105 | M16: 0.023862389
A17: Washington | B17: =1-C17 -> 0.96 | C17: 0.04 | D17: 0.809 | E17: =0.111+0.008+0.031+0.0002 -> 0.1502 | F17: 0.026 | G17: 0.0148 | H17: =SUM(D17:G17) -> 1 | J17: 0.9592 | K17: =F17+G17 -> 0.0408 | L17: 0.9592 | M17: 0.0408
A18: Maine | B18: =(729060+1764665/4.68)/2418300 -> 0.45739783 | C18: =1-B18 -> 0.54260217 | D18: =729060/2418300 -> 0.30147624 | E18: =(1764665/4.68)/2418300 -> 0.15592159 | F18: =209938/2418300 -> 0.086812223 | G18: =C18-F18 -> 0.45578995 | H18: =SUM(D18:G18) -> 1 | J18: 0.45739783 | K18: =F18+G18 -> 0.54260217 | L18: 0.45739783 | M18: 0.54260217
A19: North Carolina | B19: =641760/872501 -> 0.7355407 | C19: =1-B19 -> 0.2644593 | D19: =(249248+52838)/872501 -> 0.34622998 | E19: =(50499+41390+3279+244507)/872501 -> 0.38931187 | F19: =(135233+3020)/872501 -> 0.15845598 | G19: =(59112+9891+23484)/872501 -> 0.10600217 | H19: =SUM(D19:G19) -> 1 | J19: 0.73554185 | K19: =F19+G19 -> 0.26445815 | L19: 0.73554185 | M19: 0.26445815
A21: STOR factors at 100 years | J21: STOR-LL | L21: STOR-SL
D22: SW-LL | E22: SW-SL | F22: HW-LL | G22: HW-SL | I22: OR | J22: =J16*$C7*D23+K16*$C7*F23 -> 15497850 | L22: =L16*$C7*E23+M16*$C7*G23 -> 3033998.7
A23: Oregon | D23: =0.13+0.279 -> 0.409 | E23: =0.076 -> 0.076 | F23: =0.03+0.177 -> 0.207 | G23: =0.03+0.177 -> 0.207 | I23: WA | J23: =J17*$C8*D24+K17*$C8*F24 -> 13299042 | L23: =L17*$C8*E24+M17*$C8*G24 -> 2699401.8
A24: Washington | D24: =0.13+0.279 -> 0.409 | E24: =0.076 -> 0.076 | F24: =0.03+0.177 -> 0.207 | G24: =0.03+0.177 -> 0.207 | I24: ME | J24: =J18*$C9*D25+K18*$C9*F25 -> 5879615.2 | L24: =L18*$C9*E25+M18*$C9*G25 -> 3391149
A25: Maine | D25: =0.095+0.223 -> 0.318 | E25: =0.006+0.084 -> 0.09 | F25: =0.035+0.281 -> 0.316 | G25: =0.103+0.158 -> 0.261 | I25: NC | J25: =J19*$C10*D26+K19*$C10*F26 -> 12635123 | L25: =L19*$C10*E26+M19*$C10*G26 -> 5918717.8
A26: North Carolina | D26: =0.104+0.232 -> 0.336 | E26: =0.036+0.105 -> 0.141 | F26: =0.037+0.267 -> 0.304 | G26: =0.063+0.125 -> 0.188
A28: STOR
D29: SW-LL | E29: SW-SL | F29: HW-LL | G29: HW-SL | H29: Totals | I29: % of REM
A30: Oregon | D30: =D16*$C$7*D23 -> 13872053 | E30: =E16*$C$7*E23 -> 266910.73 | F30: =F16*$C$7*F23 -> 112017.1 | G30: =G16*$C$7*G23 -> 77378.904 | H30: =-SUM(D30:G30) -> -14328359 | I30: =H30/$C7 -> -0.37368866
A31: Washington | D31: =D17*$C$8*D24 -> 10980183 | E31: =E17*$C$8*E24 -> 378809.85 | F31: =F17*$C$8*F24 -> 178599.99 | G31: =G17*$C$8*G24 -> 101664.61 | H31: =-SUM(D31:G31) -> -11639257 | I31: =H31/$C8 -> -0.3507418
A32: Maine | D32: =D18*$C$9*D25 -> 1778634.1 | E32: =E18*$C$9*E25 -> 260348.54 | F32: =F18*$C$9*F25 -> 508949.1 | G32: =G18*$C$9*G25 -> 2207047.3 | H32: =-SUM(D32:G32) -> -4754979 | I32: =H32/$C9 -> -0.25629623
A33: North Carolina | D33: =D19*$C$10*D26 -> 4487687.6 | E33: =E19*$C$10*E26 -> 2117558.6 | F33: =F19*$C$10*F26 -> 1858236.1 | G33: =G19*$C$10*G26 -> 768760.89 | H33: =-SUM(D33:G33) -> -9232243.1 | I33: =H33/$C10 -> -0.23932527
A36: 3. Decay of logging residuals (DR)
A37: DR calculation detail
B38: Ha acres/yr | C38: PH NEP | D38: Period | E38: DR
A39: Oregon
A40: Total | B40: 185250 | C40: -4 | D40: 13 | E40: =ABS(B40*C40*D40) -> 9633000
A41: Washington
A42: Total | B42: 160550 | C42: -4 | D42: 13 | E42: =ABS(B42*C42*D42) -> 8348600
A43: Maine
A44: Even aged | B44: =AVERAGE(25082,20971,22741,23033,21442)+AVERAGE(3744,3457,3791,2774,2845) -> 25976 | C44: -1.49 | D44: 13 | E44: =ABS(B44*C44*D44) -> 503155.12
A45: Shelterwood | B45: =AVERAGE(162978,141833,144012,140062,126984)+AVERAGE(209028,175057,167543,176593,170968) -> 323011.6 | C45: -0.74 | D45: 13 | E45: =ABS(B45*C45*D45) -> 3107371.6
A46: W/ forest cover loss | B46: 124735
A47: Total: | E47: =SUM(E44:E46) -> 3610526.7
A48: North Carolina
A49: Hardwood | B49: =0.4*222300 -> 88920 | C49: -3.71 | D49: 13 | E49: =ABS(B49*C49*D49) -> 4288611.6
A50: Softwood | B50: =0.6*222300 -> 133380 | C50: -2.5 | D50: 13 | E50: =ABS(B50*C50*D50) -> 4334850
A51: Total: | B51: =SUM(B49:B50) -> 222300 | E51: =SUM(E49:E50) -> 8623461.6
B54: OR/WA all
B55: Grant et al. BC clearcut | C55: =(((-620+-564+-520+-497+-600+-767+-130+-21)/8)*10000/1000000)*3.67/2.47 -> -6.907252 | D55: 13
B56: Turner et al. OR west | C56: =(((-6+-142)/2)*10000/1000000)*3.67/2.47 -> -1.0995142 | D56: 13
B57: Mean: | C57: -4
B59: Maine
B60: Scott et al. (shelterwood) | C60: =(-0.5*3.67)/2.47 -> -0.74291498 | D60: 13
B61: Extrapolate to clearcut | C61: =C60*2 -> -1.48583 | D61: 13
B63: North Carolina
B64: Johnsen et al.. 2014 (pine) | C64: -2.5 | D64: 13
B65: Peckham and Buongiomo (hard) | C65: =(-2.5*3.67)/2.47 -> -3.7145749
A67: Harvest acres
B68: Oregon | C68: Hansen et al. 2013
B69: Washington | C69: Hansen et al. 2013
B70: Maine | C70: 2019 Silv. Rept.
B71: North Carolina | C71: Hansen et al. 2013
B72: Softwoods (Wall et al. 2018) | C72: =25700 -> 25700 | D72: =C72/C74 -> 0.59659223
B73: Hardwoods (Wall et al. 2018) | C73: 17378 | D73: =1-D72 -> 0.40340777
C74: =SUM(C72:C73) -> 43078
A76: 4. Forgone sequestration (FS)
A77: FS calculation detail
E78: Conversion acres | F78: Harvest acres | G78: Seq. | H78: FS total
A79: Oregon | B79: Seq. value from Talberth 2017 | C79: 4.74 | E79: =4000 -> 4000 | F79: =B40-E79 -> 181250 | G79: =(C79+C95)/2 -> 4.2949362 | H79: =E79*G79*100+F79*G79*13 -> 11837918
B80: Value from FIA method
B81: Growth (pvt) short tons | C81: 22099369
B82: Mortality (pvt) short tons | C82: 2764233
B83: Net: | C83: =C81-C82 -> 19335136
B84: CO2: | C84: =(C83/2)*3.67*0.907185 -> 32186901
A85: Remove dead zone acreage | B85: Pvt acres - annual tc loss * 13 | C85: =10659366-185250*13 -> 8251116
B86: tCO2/ac/yr | C86: =C84/C85 -> 3.9009148
A88: Washington | E88: Conversion acres | F88: Harvest acres | G88: Seq. | H88: FS total
B89: Value from FIA method | E89: =15000 -> 15000 | F89: =B42-E89 -> 145550 | G89: 4.29 | H89: =E89*G89*100+F89*G89*13 -> 14552324
B90: Growth (pvt) short tons | C90: 21051917
B91: Mortality (pvt) short tons | C91: 4474663
B92: Net: | C92: =C90-C91 -> 16577254
B93: CO2: | C93: =(C92/2)*3.67*0.907185 -> 27595897
A94: Remove dead zone acreage | B94: Pvt acres - annual tc loss * 13 | C94: =9255153-160550*13 -> 7168003
B95: tCO2/ac/yr | C95: =C93/C94 -> 3.8498725
A96: Maine | E96: Conversion acres | F96: Harvest acres | G96: Seq. | H96: FS total
E97: =5150 -> 5150 | F97: =B46-E97 -> 119585 | G97: 1.63 | H97: =E97*G97*100+F97*G97*13 -> 3373456.1
B98: Value from Scott et al. (2004) | C98: =(1.8*3.67)/2.47 -> 2.6744939
B99: Value from Puhlick (lt plots) | C99: 1.63
B100: Value from FIA method
B101: Growth (pvt) short tons | C101: 21378292
B102: Mortality (pvt) short tons | C102: 7466455
B103: Net: | C103: =C101-C102 -> 13911837
B104: CO2: | C104: =(C103/2)*3.67*0.907185 -> 23158819
A105: Remove dead zone acreage | B105: Pvt acres - annual tc loss * 13 | C105: =16072009-124735*13 -> 14450454
B106: tCO2/ac/yr | C106: =C104/C105 -> 1.6026361
E107: Conversion acres | F107: Harvest acres | G107: Seq. | H107: FS total
A108: North Carolina | B108: Value from Talberth (2019) | C108: 4.49 | E108: =12138.7 -> 12138.7 | F108: =B51-E108 -> 210161.3 | G108: =(4.49+4.36)/2 -> 4.425 | H108: =E108*G108*100+F108*G108*13 -> 17460904
B109: Value from FIA method
B110: Growth (pvt) short tons | C110: 42622042
B111: Mortality (pvt) short tons | C111: 9727514
B112: Net: | C112: =C110-C111 -> 32894528
B113: CO2: | C113: =(C112/2)*3.67*0.907185 -> 54759010
A114: Remove dead zone acreage | B114: Pvt acres - annual tc loss * 13 | C114: =15454747-222300*13 -> 12564847
B115: tCO2/ac/yr | C115: =C113/C114 -> 4.358112
...

Sheet Tables
A2: Table 2 | G2: Table 4 | L2: Table 3
A3: GHG emissions (tCO2-e/yr) | B3: Oregon | C3: Washington | D3: Maine | E3: North Carolina | H3: Scenario A | I3: Scenario B | J3: Scenario C | L3: Parameters
A4: Carbon removed by logging (REM) | B4: 38343040 | C4: 33184688 | D4: 18552669 | E4: 38576131 | H4: Baseline (no tax) | I4: Pay and pass on | J4: Carbon market | L4: A: Area deforested (ha) | M4: =25/2.47 -> 10.121457
A5: Long lived HWP storage (STOR) | B5: -14328359 | C5: -11639257 | D5: -4754979 | E5: -9232243 | G5: Fully operable area (ha) | H5: 36966 | I5: 36966 | J5: 27782 | L5: B: Wood products yield (m^3/ha) | M5: =20*2.3597*2.47 -> 116.56918
A6: Decay of logging residuals (DR) | B6: 9633000 | C6: 8348600 | D6: 3610527 | E6: 8623462 | G6: Annual yield (mbf) | H6: 73774 | I6: 65844 | J6: 53267 | L6: C: Emission factor harvest (Mg C/m^3) | M6: 0.91
A7: Forgone sequestration (FS) | B7: 11837918 | C7: 14552324 | D7: 3373456 | E7: 17460904 | G7: Annual yield (m^3) | H7: =H6*2.3597 -> 174084.51 | I7: =I6*2.3597 -> 155372.09 | J7: =J6*2.3597 -> 125694.14 | L7: D: Emissions factor conversion (Mg C/ha) | M7: 109.7
A8: Silviculture activities (SA) | B8: 645000 | C8: 559000 | D8: 931315 | E8: 642477 | G8: Delivered log price ($/mbf) | H8: 827 | I8: 916 | J8: 873 | L8: E: Land to building ratio | M8: 0.66
A9: Soil loss and degradation (SL) | B9: 942296 | C9: 836101 | D9: 741144 | E9: 1114602 | G9: Delivered log price ($/m^3) | H9: =H8/2.3597 -> 350.46828 | I9: =I8/2.3597 -> 388.18494 | J9: =J8/2.3597 -> 369.96228 | L9: F: Open space seq. rate (Mg C/ha/yr) | M9: =1.8*2.47/3.67 -> 1.2114441
A10: Total taxable emissions tCO2-e/yr | B10: 47072895 | C10: 45841455 | D10: 22454131 | E10: 57185332 | G10: Total investment costs ($million) | H10: 216.08 | I10: 216.08 | J10: 216.08 | L10: G: Tax rate ($/tCO2-e) | M10: 51
A11: Emission factors | G11: Opportunity cost of capital ($million/yr) | H11: 15.66 | I11: 15.66 | J11: 15.66 | L11: Tax derivation
A12: AEF tCO2-e/mbf (Mg C/m^3) | B12: 12.13 (1.40) | C12: 16.74 (1.93) | D12: 9.29 (1.07) | E12: 15.86 (1.83) | G12: Mgmt. and harvest costs ($million/yr) | H12: 22.32 | I12: 17.31 | J12: 14.31 | L12: H: Gross CO2-e emissions (A x B x C) + (A x D) x 3.67 | M12: =((M5*M6*M4) +(M4*M7))*3.67 -> 8015.2337
A13: EF-LL tCO2-e/mbf (Mg C/m^3) | B13: 11.83 (1.37) | C13: 16.13 (1.86) | D13: 8.82 (1.02) | E13: 14.11 (1.63) | G13: Effective carbon tax ($/mbf) | H13: 0 | I13: 177.8 | J13: 60.51 | L13: I: Open space credit (A x E x F) x 100 | M13: =M4*M8*M9*3.67*100 -> 2970
A14: EF-SL tCO2-e/mbf (Mg C/m^3) | B14: 15.04 (1.74) | C14: 20.00 (2.31) | D14: 9.85 (1.14) | E14: 15.97 (1.84) | G14: Effective carbon tax ($/m^3) | H14: 0 | I14: =I13/2.3597 -> 75.348561 | J14: =J13/2.3597 -> 25.64309 | L14: J: Net CO2-e emissions (H - I) | M14: =M12-M13 -> 5045.2337
A15: EF-CONV tCO2-e/mbf (Mg C/m^3) | B15: 9.08 (1.05) | C15: 11.42 (1.32) | D15: 7.89 (0.91) | E15: 11.02 (1.27) | G15: Carbon tax payments ($million/yr) | H15: 0 | I15: 11.71 | J15: 3.22 | L15: K: Tax liability (J x G) | M15: 257295
A16: EF-CONV tCO2-e/acre (Mg C/ha) | B16: 429.49 (289.06) | C16: 429.00 (288.73) | D16: 163.00 (109.70) | E16: 442.50 (297.81) | G16: PV timber income ($million) | H16: 1569.8 | I16: 1551.67 | J16: 1213.08
A17: Potential tax revenues | G17: PV carbon income ($million) | H17: 0 | I17: 0 | J17: 47.49
A18: Tax revenue scenario A ($million/yr) | B18: =Analysis!B217/1000000 -> 345.8955 | C18: =Analysis!C217/1000000 -> 213.69808 | D18: =Analysis!D217/1000000 -> 82.752295 | E18: =Analysis!E217/1000000 -> 357.42045 | G18: PV cost stream ($million) | H18: 977.26 | I18: 1149.61 | J18: 853.96 | L18: =M4*M5*M6*3.67 -> 3940.345
A19: Tax revenue scenario B ($million/yr) | B19: =Analysis!B218/1000000 -> 233.61414 | C19: =Analysis!C218/1000000 -> 144.32941 | D19: =Analysis!D218/1000000 -> 55.890018 | E19: =Analysis!E218/1000000 -> 241.39796 | G19: Net present value ($million) | H19: 592.54 | I19: 402.06 | J19: 406.61
G20: Internal rate of return (%) | H20: 0.0737 | I20: 0.038624533 | J20: 0.0468
A25: Table 2 metric conversions | C25: Metric | E25: Metric | G25: Metric | I25: Metric
A26: AEF tCO2-e/mbf (Mg C/m^3) | B26: 12.13 | C26: =(B26/2.3597)/3.67 -> 1.4006768 | D26: 16.74 | E26: =(D26/2.3597)/3.67 -> 1.9330033 | F26: 9.29 | G26: =(F26/2.3597)/3.67 -> 1.072736 | H26: 15.86 | I26: =(H26/2.3597)/3.67 -> 1.8313878
A27: EF-LL tCO2-e/mbf (Mg C/m^3) | B27: 11.83 | C27: =(B27/2.3597)/3.67 -> 1.3660352 | D27: 16.13 | E27: =(D27/2.3597)/3.67 -> 1.8625653 | F27: 8.82 | G27: =(F27/2.3597)/3.67 -> 1.0184641 | H27: 14.11 | I27: =(H27/2.3597)/3.67 -> 1.6293116
A28: EF-SL tCO2-e/mbf (Mg C/m^3) | B28: 15.04 | C28: =(B28/2.3597)/3.67 -> 1.7367007 | D28: 20 | E28: =(D28/2.3597)/3.67 -> 2.3094424 | F28: 9.85 | G28: =(F28/2.3597)/3.67 -> 1.1374004 | H28: 15.97 | I28: =(H28/2.3597)/3.67 -> 1.8440898
A29: EF-CONV tCO2-e/mbf (Mg C/m^3) | B29: 9.08 | C29: =(B29/2.3597)/3.67 -> 1.0484869 | D29: 11.42 | E29: =(D29/2.3597)/3.67 -> 1.3186916 | F29: 7.89 | G29: =(F29/2.3597)/3.67 -> 0.91107504 | H29: 11.02 | I29: =(H29/2.3597)/3.67 -> 1.2725028
A30: EF-CONV tCO2-e/acre (Mg C/ha) | B30: 429.49 | C30: =(B30*2.47)/3.67 -> 289.0573 | D30: 429 | E30: =(D30*2.47)/3.67 -> 288.72752 | F30: 163 | G30: =(F30*2.47)/3.67 -> 109.703 | H30: 442.5 | I30: =(H30*2.47)/3.67 -> 297.81335
